AoeStats
← 懒羊羊<爱睡懒觉版>

African Clearing

510341627Analyzed
4v4 RM · 21h ago on Sep 30, 2026· 41m 56s· 8 players
Game mode
Random Map
Map size
Large (8 player)
Population
200
Speed
Normal
Resources
Standard
Victory
Conquest
Starting age
Dark Age
Ending age
Imperial Age
RankedLock teamsTeams togetherTeam positionsShared explorationLock speedFull tech treeHidden civsTurbo modeCheats
Victory
Defeat
🇨🇳 Cumans · China
1147
+11
🇨🇳 Vietnamese · China
1123
+12
1098
+13
🇻🇳 Franks · Vietnam
1088
+37
🇨🇳 Aztecs · China
1068
-14
🇬🇧 Magyars · United Kingdom
1054
-13
🇹🇼 Persians · Taiwan
1036
-12
🇮🇳 Franks · India
1005
-11
帝国浪子
6:07 Loom
9:12 Loom
13:06 Feudal Age
20:02 Castle Age
18:14 Double-Bit Axe
19:31 Forging
20:00 Scale Mail Armor
21:05 Bow Saw
21:26 Squires
29:31 Gold Mining
30:39 Horse Collar
31:31 Pikeman
OtsBmd
12:15 Feudal Age
11:10 Loom
12:45 Town Watch
13:28 Double-Bit Axe
16:31 Scale Barding Armor
18:53 Bloodlines
19:52 Horse Collar
24:43 Wheelbarrow
25:05 Fletching
25:15 Padded Archer Armor
27:45 Castle Age
25:50 Gold Mining
26:09 Fletching
26:20 Padded Archer Armor
28:32 Thumb Ring
28:33 Husbandry
28:44 Bow Saw
30:40 Bodkin Arrow
33:27 Gold Shaft Mining
35:03 Leather Archer Armor
36:09 Ballistics
37:09 Hand Cart
礁溪羅志祥
6:06 Loom
13:31 Feudal Age
14:02 Double-Bit Axe
17:19 Horse Collar
19:24 Arson
19:30 Arson
23:19 Castle Age
23:00 Bloodlines
24:37 Bow Saw
25:24 Scale Barding Armor
26:07 Husbandry
30:50 Forging
31:50 Heavy Plow
32:57 Wheelbarrow
33:19 Gold Mining
39:38 Iron Casting
39:23 Chain Barding Armor
41:41 Imperial Age
39:46 Fletching
39:58 Padded Archer Armor
40:46 Hand Cart
41:27 Gold Shaft Mining
dushyanthkuthati
4:59 Loom
17:29 Feudal Age
23:03 Castle Age
22:11 Stone Mining
22:56 Double-Bit Axe
23:53 Wheelbarrow
31:43 Bow Saw
懒羊羊<爱睡懒觉版>
4:04 Loom
15:45 Feudal Age
21:05 Castle Age
19:19 Double-Bit Axe
28:48 Scale Barding Armor
36:35 Fletching
38:20 Horse Collar
40:41 Bow Saw
40:37 Heavy Plow
Minty
15:57 Feudal Age
16:47 Double-Bit Axe
16:53 Loom
25:53 Castle Age
24:52 Forging
24:53 Gold Mining
26:46 Bow Saw
26:55 Pikeman
30:53 Stone Mining
33:10 Wheelbarrow
33:09 Scale Barding Armor
33:47 Husbandry
37:06 Hand Cart
40:52 Imperial Age
40:37 Iron Casting
40:23 Chain Barding Armor
40:56 Cavalier
42:40 Blast Furnace
42:50 Gold Shaft Mining
王炸炸
5:10 Loom
13:28 Feudal Age
15:08 Double-Bit Axe
15:07 Horse Collar
25:00 Castle Age
24:01 Gold Mining
24:27 Scale Barding Armor
24:33 Forging
24:39 Bloodlines
25:14 Forging
25:10 Stone Mining
26:29 Chain Barding Armor
27:28 Bow Saw
28:30 Iron Casting
29:18 Capped Ram
31:58 Wheelbarrow
微辣十三香
8:10 Loom
12:08 Feudal Age
13:02 Double-Bit Axe
17:35 Horse Collar
19:12 Padded Archer Armor
19:04 Fletching
19:16 Padded Archer Armor
27:07 Castle Age
27:33 Town Watch
28:00 Crossbowman
29:26 Bodkin Arrow
32:02 Wheelbarrow
31:54 Leather Archer Armor
36:20 Hand Cart
36:28 Bow Saw
37:08 Heavy Plow
38:44 Elite Skirmisher
42:43 Ballistics
Connection lost

Rejoining the realm…

Still unreachable

The connection could not be restored.

Session expired

The server has moved on; the page needs a fresh start.